[Event "Titled Tuesday Blitz July 4 Late 2023"]
[White "Ibarra Jerez, Jose Carlos"]
[Black "Naroditsky, Daniel"]
[WhiteFideId "2226332"]
[BlackFideId "2026961"]
[WhiteElo "2866"]
[BlackElo "3123"]
[Result "0-1"]
[Round "9"]
[TimeControl "180+2"]
[Date "2023.07.04"]
[WhiteClock "0:00:00"]
[BlackClock "0:00:04"]
[Board "9"]

1. e4 Nf6 2. e5 Nd5 3. c4 Nb6 4. d4 d6 5. exd6 exd6 6. Nc3 Be7 7. Bd3 O-O 8. Nge2 c6 9. O-O Na6 10. a4 d5 11. c5 Nd7 12. Bxa6 bxa6 13. b4 Bf6 14. Rb1 Re8 15. b5 axb5 16. axb5 Bb7 17. Qa4 Qc8 18. Be3 Nf8 19. bxc6 Bxc6 20. Qa2 Qd7 21. Nf4 Rad8 22. Nh5 Be7 23. Ra1 Ra8 24. Nf4 Red8 25. Nd3 Bf6 26. Nb4 Ne6 27. Nxc6 Qxc6 28. Qa4 Qxa4 29. Rxa4 Nxc5 30. Ra5 Nb3 31. Rxd5 Bxd4 32. Bxd4 Rxd5 33. Nxd5 Nxd4 34. Ra1 a5 35. Ra4 Nb3 36. g3 g6 37. Nc3 Rc8 38. Nd5 Rc5 39. Ra3 Rxd5 40. Rxb3 Rd8 41. Ra3 Ra8 42. Ra4 h5 43. Kf1 Kg7 44. Ke2 Kf6 45. h4 Ke5 46. Kd3 f6 47. Kc3 Kf5 48. Rf4+ Ke6 49. Ra4 Ke5 50. Kd3 Kd5 51. Kc3 Ra6 52. Rd4+ Kc5 53. Rd8 a4 54. Kb2 Kc4 55. Rg8 f5 56. Rd8 a3+ 57. Ka2 Kc3 58. Rd5 Kc4 59. Rd8 Kb4 60. Rd4+ Kc5 61. Rd8 Rd6 62. Rg8 Kb4 63. Rb8+ Kc3 64. Rc8+ Kd2 65. Kxa3 Ke2 66. Rc2+ Kf3 67. Kb4 f4 68. gxf4 Rd4+ 69. Kc5 Rxf4 70. Kd5 Rxh4 71. Ke5 Rg4 72. Kf6 h4 73. Rb2 h3 74. Rb3+ Kg2 75. f3 Rg3 76. Rb2+ Kxf3 77. Ke5 Rg2 78. Rb3+ Kg4 79. Rb1 h2 80. Rb4+ Kg3 0-1


[Site "https://www.chess.com"]

[Event "Titled Tuesday Blitz July 4 Late 2023"]
[White "Deac, Bogdan-Daniel"]
[Black "Henriquez Villagra, Cristobal"]
[WhiteFideId "1226380"]
[BlackFideId "3409350"]
[WhiteElo "2986"]
[BlackElo "2856"]
[Result "1/2-1/2"]
[Round "9"]
[TimeControl "180+2"]
[Date "2023.07.04"]
[WhiteClock "0:00:16"]
[BlackClock "0:00:19"]
[Board "10"]

1. b3 d6 2. Bb2 e5 3. e3 Nd7 4. Ne2 b6 5. d4 Bb7 6. d5 f5 7. c4 Ngf6 8. Nbc3 Be7 9. Qc2 g6 10. e4 fxe4 11. Ng3 Nc5 12. b4 Nd3+ 13. Bxd3 exd3 14. Qxd3 Bc8 15. O-O O-O 16. f4 a5 17. fxe5 dxe5 18. Nb5 c6 19. Nc3 axb4 20. Nce4 cxd5 21. Nxf6+ Bxf6 22. Qxd5+ Qxd5 23. cxd5 Bb7 24. d6 Bg7 25. Rxf8+ Kxf8 26. Nf1 Bd5 27. Ne3 Be6 28. Nc2 Ra4 29. Nxb4 e4 30. Bxg7+ Kxg7 31. a3 Kf6 32. Rd1 Ra7 33. Nc6 Rd7 34. Kf2 Bg4 35. Rd4 Bf5 36. Ke3 Ke6 37. g4 Bxg4 38. Rxe4+ Kxd6 39. Ne5 Bf5 40. Nxd7 Bxe4 41. Nxb6 Bc2 42. Nc4+ Kc5 43. Ne5 Kb5 44. Nf7 Ka4 45. Ng5 h5 46. Ne6 Kxa3 47. Kf4 Kb4 48. Kg5 Kc4 49. Nf8 Kd5 50. Nxg6 Bxg6 51. Kxg6 h4 52. Kg5 h3 53. Kh4 Ke6 54. Kxh3 Kf7 55. Kg4 Kg8 56. h4 Kh8 57. h5 Kg8 58. h6 Kh8 59. Kg5 Kg8 60. Kg6 Kh8 61. h7 1/2-1/2


[Site "https://www.chess.com"]

[Event "Titled Tuesday Blitz July 4 Late 2023"]
[White "Kantor, Gergely"]
[Black "Pranav, V"]
[WhiteFideId "751499"]
[BlackFideId "25060783"]
[WhiteElo "2824"]
[BlackElo "2983"]
[Result "1-0"]
[Round "9"]
[TimeControl "180+2"]
[Date "2023.07.04"]
[WhiteClock "0:00:22"]
[BlackClock "0:00:03"]
[Board "11"]

1. e4 c5 2. Nf3 Nc6 3. Bb5 g6 4. O-O Bg7 5. c3 e5 6. d4 cxd4 7. cxd4 exd4 8. Nbd2 Nge7 9. Nc4 O-O 10. Nd6 h6 11. Bf4 a6 12. Bc4 b5 13. Bb3 Na5 14. Rc1 Nxb3 15. Qxb3 Nc6 16. Bg3 Qe7 17. h4 Kh7 18. h5 a5 19. Nxb5 a4 20. Qc2 Qb4 21. Nc7 Rb8 22. Nd5 Qxb2 23. Bxb8 Qxb8 24. Qc5 Ba6 25. Rfe1 Re8 26. hxg6+ fxg6 27. e5 d3 28. Nf6+ Bxf6 29. exf6 Rf8 30. Re7+ Kh8 31. Rxd7 Rxf6 32. Qc3 Qf4 33. Rf7 d2 34. Rd1 Nd4 35. Rxf6 Ne2+ 36. Kh1 Nxc3 37. Rxf4 Nxd1 38. Nxd2 Nc3 39. a3 Bb5 40. Rb4 Bd7 41. Ne4 Nd5 42. Rd4 Bc6 43. Rc4 Bd7 44. Nc5 Bb5 45. Rd4 Nc3 46. Rb4 Be2 47. Ne4 Nxe4 48. Rxe4 Bd1 49. Re7 Kg8 50. Kh2 Kf8 51. Ra7 Kg8 52. Kg3 Bb3 53. Kf4 1-0


[Site "https://www.chess.com"]

[Event "Titled Tuesday Blitz July 4 Late 2023"]
[White "Talibov, Shiroghlan"]
[Black "Paravyan, David"]
[WhiteFideId "13429078"]
[BlackFideId "4194985"]
[WhiteElo "2816"]
[BlackElo "2974"]
[Result "0-1"]
[Round "9"]
[TimeControl "180+2"]
[Date "2023.07.04"]
[WhiteClock "0:00:32"]
[BlackClock "0:00:02"]
[Board "12"]

1. e4 e5 2. Nf3 Nf6 3. d4 Nxe4 4. dxe5 Bc5 5. Bc4 Nxf2 6. Bxf7+ Kxf7 7. Qd5+ Kg6 8. Qxc5 Nxh1 9. Nc3 h6 10. Qd5 Kh7 11. Qe4+ Kg8 12. Qd5+ Kh7 13. Qe4+ Kg8 14. Be3 Qe8 15. O-O-O d6 16. Nd5 Na6 17. Nf4 Be6 18. Nxe6 Qxe6 19. Qxb7 Qc8 20. Qd5+ Kh7 21. Qe4+ g6 22. Qh4 Kg8 23. exd6 Rh7 24. Qc4+ Rf7 25. Ne5 Qf5 26. Nxf7 Qxf7 27. d7 Qxc4 0-1


[Site "https://www.chess.com"]

[Event "Titled Tuesday Blitz July 4 Late 2023"]
[White "Pulvett Marin, Daniel Eduardo"]
[Black "Oparin, Grigoriy"]
[WhiteFideId "3900410"]
[BlackFideId "24125890"]
[WhiteElo "2730"]
[BlackElo "2944"]
[Result "1/2-1/2"]
[Round "9"]
[TimeControl "180+2"]
[Date "2023.07.04"]
[WhiteClock "0:00:20"]
[BlackClock "0:00:18"]
[Board "13"]

1. d4 Nf6 2. Nc3 d5 3. Bf4 e6 4. e3 Bb4 5. Bd3 c5 6. dxc5 Nbd7 7. Ne2 e5 8. Bg3 a6 9. Bf5 O-O 10. Bxd7 Nxd7 11. Qxd5 Nxc5 12. Qxd8 Rxd8 13. Bxe5 Bf5 14. Rc1 Bxc2 15. Rxc2 Nd3+ 16. Kf1 Nxe5 17. Nd4 Rac8 18. Ke2 Nc4 19. Rhc1 Nxb2 20. Rxb2 Rxc3 21. Rxc3 Bxc3 22. Rxb7 g6 23. Kd3 Be1 24. f4 Rd6 25. g4 Ba5 26. g5 Kf8 27. h4 Bb6 28. Ke4 Ke8 29. a4 Bc5 30. Nf3 Rd7 31. Rxd7 Kxd7 32. Ne5+ Ke6 33. Ng4 Bb4 34. Nf6 h5 35. Nd5 Be1 36. Nc7+ Kd6 37. Nxa6 Bxh4 38. Nb4 Be1 39. Nd3 Bc3 40. Kf3 Kd5 41. e4+ Kc4 42. Ke2 Kd4 43. Nf2 Ba5 44. Kf3 Be1 45. Nh3 Bd2 46. f5 gxf5 47. exf5 Ke5 48. g6 fxg6 49. fxg6 Kf6 50. Nf4 h4 51. Kg4 h3 52. Nxh3 Kxg6 53. Nf4+ Kf6 54. Nd3 Ke6 55. Kf3 Kd5 56. Ke2 Ba5 57. Kd1 Kc4 58. Kc2 Kd4 59. Nc1 Kc4 60. Nb3 Kb4 61. Nxa5 Kxa4 1/2-1/2


[Site "https://www.chess.com"]

[Event "Titled Tuesday Blitz July 4 Late 2023"]
[White "Keymer, Vincent"]
[Black "Plat, Vojtech"]
[WhiteFideId "12940690"]
[BlackFideId "325740"]
[WhiteElo "2940"]
[BlackElo "2811"]
[Result "0-1"]
[Round "9"]
[TimeControl "180+2"]
[Date "2023.07.04"]
[WhiteClock "0:00:01"]
[BlackClock "0:00:35"]
[Board "14"]

1. a3 d6 2. d4 e5 3. e4 exd4 4. Nf3 Nf6 5. Qxd4 Nc6 6. Bb5 Bd7 7. Qd3 g6 8. O-O Bg7 9. Nc3 O-O 10. Bg5 h6 11. Bh4 Re8 12. Rad1 g5 13. Bg3 Nh5 14. Bxc6 bxc6 15. Ne2 Qe7 16. e5 g4 17. exd6 Qxe2 18. Qxe2 Rxe2 19. dxc7 gxf3 20. Rxd7 Nxg3 21. hxg3 Bf6 22. Rfd1 Kg7 23. R1d3 Rc8 24. Rxf3 Re7 25. Rd6 Bxb2 26. Rb3 Be5 27. Rxc6 Rcxc7 28. Rxc7 Rxc7 29. Rb5 Bd6 30. Ra5 Rxc2 31. Rxa7 Bc5 32. Ra4 Bxf2+ 33. Kh2 Rc3 34. Rg4+ Kf8 35. a4 Ra3 36. Kh3 Be3 37. Re4 Bg5 38. Kg4 Kg7 39. Kh3 Kg6 40. Rc4 Ra2 41. Rc6+ f6 42. Rc4 h5 43. Kh2 Ra3 44. Rb4 Bd2 45. Re4 Ba5 46. g4 Bc7+ 47. Kg1 h4 48. Kf2 Be5 49. Kf1 Kg5 50. Rc4 Bf4 51. Rc8 Kxg4 52. Rc4 Kg3 53. Ke2 Be5 54. Kf1 Ra2 55. a5 Rxa5 56. Ke2 Ra2+ 57. Ke3 Rxg2 0-1


[Site "https://www.chess.com"]

[Event "Titled Tuesday Blitz July 4 Late 2023"]
[White "Chigaev, Maksim"]
[Black "Ashraf, Artin"]
[WhiteFideId "4108116"]
[BlackFideId "22514805"]
[WhiteElo "2936"]
[BlackElo "2745"]
[Result "1-0"]
[Round "9"]
[TimeControl "180+2"]
[Date "2023.07.04"]
[WhiteClock "0:00:36"]
[BlackClock "0:00:00"]
[Board "15"]

1. e4 c5 2. Nf3 d6 3. d4 cxd4 4. Nxd4 Nf6 5. Nc3 a6 6. h3 e5 7. Nde2 h5 8. g3 Be7 9. Bg2 Be6 10. a4 Nbd7 11. Be3 O-O 12. O-O Qc7 13. b3 Nb8 14. Qd2 Nc6 15. Nd5 Bxd5 16. exd5 Nb8 17. a5 Nbd7 18. c4 g6 19. Rfc1 Rfc8 20. b4 Qd8 21. Rc2 Ne8 22. Rac1 f5 23. c5 e4 24. Nf4 Ne5 25. c6 bxc6 26. dxc6 Nc7 27. Bb6 Qe8 28. Bxc7 Rxc7 29. Nd5 Rcc8 30. Nb6 Nd3 31. Nxa8 Rxa8 32. Rd1 d5 33. Bf1 Nxb4 34. Rb2 Rb8 35. c7 Rb7 36. Rc1 Qc8 37. Bxa6 Nxa6 38. Rxb7 1-0


[Site "https://www.chess.com"]

[Event "Titled Tuesday Blitz July 4 Late 2023"]
[White "Rosen, Eric"]
[Black "Zhigalko, Sergei"]
[WhiteFideId "2032562"]
[BlackFideId "13502956"]
[WhiteElo "2690"]
[BlackElo "2892"]
[Result "1-0"]
[Round "9"]
[TimeControl "180+2"]
[Date "2023.07.04"]
[WhiteClock "0:00:04"]
[BlackClock "0:00:00"]
[Board "16"]

1. d4 Nf6 2. Bf4 b6 3. Nf3 Bb7 4. c4 e6 5. e3 Bb4+ 6. Nfd2 O-O 7. a3 Be7 8. Nc3 d6 9. Qc2 c5 10. d5 exd5 11. cxd5 Re8 12. Be2 Nbd7 13. e4 a6 14. a4 Ne5 15. O-O Bf8 16. h3 g6 17. Rfe1 Bg7 18. Bg3 Nh5 19. Bh2 Qg5 20. Bf1 Bc8 21. Kh1 Bd7 22. Ne2 Qh4 23. g3 Qe7 24. f4 b5 25. axb5 axb5 26. fxe5 Bxe5 27. Bg2 Qf6 28. Rf1 Rxa1 29. Rxa1 Qf2 30. Qd3 c4 31. Qf3 Qxf3 32. Bxf3 Bxb2 33. Rb1 c3 34. Nb3 b4 35. g4 Nf6 36. Bxd6 Nxe4 37. Bxb4 Ba4 38. Bxe4 Rxe4 39. Bxc3 Rxe2 40. Nc5 Bxc3 41. Nxa4 Be5 42. Nb6 Rh2+ 43. Kg1 Rxh3 44. Rd1 Rg3+ 45. Kf2 Rxg4 46. d6 Bd4+ 47. Kf3 Rh4 48. Nd5 Rh5 49. Ke4 Bb6 50. Nf6+ Kf8 51. Nxh5 gxh5 52. Kd5 h4 53. Kc6 Bd8 54. Kd7 Bg5 55. Rg1 Bf6 56. Kc8 h6 57. d7 h3 58. Rh1 Kg7 59. Rxh3 Kg6 60. Rf3 Bh4 61. Rh3 Be7 62. Rg3+ Kf5 63. Re3 Bg5 64. Rf3+ Kg4 65. Rxf7 Kh4 66. Rg7 Be7 67. Rxe7 1-0


[Site "https://www.chess.com"]

[Event "Titled Tuesday Blitz July 4 Late 2023"]
[White "Mattheii"]
[Black "Ter-Sahakyan, Samvel"]
[BlackFideId "13302531"]
[WhiteElo "2548"]
[BlackElo "2871"]
[Result "1-0"]
[Round "9"]
[TimeControl "180+2"]
[Date "2023.07.04"]
[WhiteClock "0:00:08"]
[BlackClock "0:00:00"]
[Board "17"]

1. d4 Nf6 2. c4 g6 3. Nc3 Bg7 4. e4 d6 5. h3 O-O 6. Bg5 c6 7. Nf3 Nbd7 8. Bd3 e5 9. d5 c5 10. Qd2 a6 11. a4 Qe8 12. g4 Kh8 13. Kf1 Ng8 14. Kg2 Ndf6 15. Nh2 h6 16. Be3 Nh7 17. Nf1 Bf6 18. Ng3 Bh4 19. f4 Bxg3 20. Kxg3 f5 21. fxe5 Qxe5+ 22. Bf4 Qe7 23. exf5 gxf5 24. Rae1 Qf6 25. Rhf1 Bd7 26. Kh2 Rae8 27. gxf5 Ng5 28. Ne4 Nxe4 29. Bxe4 Re7 30. Bb1 Rg7 31. Rg1 Bxf5 32. Rxg7 Kxg7 33. Rg1+ Kh8 34. Bxf5 Qxf5 35. Bxd6 Re8 36. Qg2 Qf7 37. Qg3 Re2+ 38. Rg2 Rxg2+ 39. Qxg2 Nf6 40. Be5 Kh7 41. Qc2+ 1-0


[Site "https://www.chess.com"]

[Event "Titled Tuesday Blitz July 4 Late 2023"]
[White "musclemonster12"]
[Black "Lazavik, Denis"]
[BlackFideId "13515110"]
[WhiteElo "2561"]
[BlackElo "3042"]
[Result "0-1"]
[Round "9"]
[TimeControl "180+2"]
[Date "2023.07.04"]
[WhiteClock "0:00:12"]
[BlackClock "0:02:04"]
[Board "18"]

1. Nf3 d5 2. b3 c6 3. Bb2 Bg4 4. e3 Nd7 5. Be2 Ngf6 6. O-O e6 7. c4 Bd6 8. Nc3 O-O 9. h3 Bh5 10. d3 Qe7 11. Rc1 a6 12. cxd5 cxd5 13. Nd4 Bg6 14. Qd2 Rac8 15. Rc2 e5 16. Nf3 e4 17. Nd4 Ne5 18. dxe4 dxe4 19. Rfc1 Rcd8 20. Qe1 Nd3 21. Bxd3 exd3 22. Rd2 Bb4 23. Qd1 Rc8 24. Rxd3 Bxd3 25. Qxd3 Rfd8 26. Rd1 Bxc3 27. Bxc3 Qe4 28. Qd2 Qg6 29. Bb2 Rc2 30. Qa5 Rd5 31. Nxc2 Rxd1+ 32. Kh2 Qxc2 33. Bxf6 gxf6 0-1


[Site "https://www.chess.com"]

[Event "Titled Tuesday Blitz July 4 Late 2023"]
[White "Weetik, Vjacheslav"]
[Black "He, Anthony"]
[WhiteFideId "4153472"]
[BlackFideId "2088215"]
[WhiteElo "2731"]
[BlackElo "2951"]
[Result "0-1"]
[Round "9"]
[TimeControl "180+2"]
[Date "2023.07.04"]
[WhiteClock "0:00:00"]
[BlackClock "0:02:05"]
[Board "19"]

1. d4 Nf6 2. c4 g6 3. Nc3 d5 4. cxd5 Nxd5 5. e4 Nxc3 6. bxc3 Bg7 7. Bg5 c5 8. Rc1 O-O 9. d5 Qa5 10. Qd2 e6 11. c4 Qa3 12. Bd3 exd5 13. cxd5 Re8 14. Ne2 Nd7 15. f4 c4 16. Rxc4 Nc5 17. Bb1 b5 18. Rb4 Bg4 19. e5 f6 20. Bh4 fxe5 21. Rxb5 exf4 22. O-O Bxe2 0-1


[Site "https://www.chess.com"]

[Event "Titled Tuesday Blitz July 4 Late 2023"]
[White "Papasimakopoulos, Alexandros"]
[Black "Durarbayli, Vasif"]
[WhiteFideId "4244125"]
[BlackFideId "13402935"]
[WhiteElo "2688"]
[BlackElo "2909"]
[Result "0-1"]
[Round "9"]
[TimeControl "180+2"]
[Date "2023.07.04"]
[WhiteClock "0:00:00"]
[BlackClock "0:01:07"]
[Board "20"]

1. d4 Nf6 2. c4 e6 3. Nc3 Bb4 4. e3 O-O 5. Bd2 c5 6. a3 Bxc3 7. Bxc3 Ne4 8. Ne2 b6 9. d5 Ba6 10. f3 Nxc3 11. Nxc3 Bxc4 12. e4 exd5 13. Bxc4 dxc4 14. O-O Nc6 15. Qd5 Na5 16. Rad1 Qf6 17. Qxd7 Rfd8 18. Qc7 Rd3 19. Rxd3 cxd3 20. g3 d2 21. Rd1 Nc4 22. Kh1 Qxf3+ 23. Kg1 Ne3 0-1


[Site "https://www.chess.com"]

[Event "Titled Tuesday Blitz July 4 Late 2023"]
[White "Sanal, Vahap"]
[Black "Nasuta, Grzegorz"]
[WhiteFideId "6300545"]
[BlackFideId "1141686"]
[WhiteElo "2887"]
[BlackElo "2721"]
[Result "0-1"]
[Round "9"]
[TimeControl "180+2"]
[Date "2023.07.04"]
[WhiteClock "0:00:49"]
[BlackClock "0:00:12"]
[Board "21"]

1. d4 d5 2. c4 c6 3. Nf3 Nf6 4. e3 Bf5 5. Nh4 Be4 6. Nc3 e6 7. f3 Bg6 8. Qb3 Qc7 9. Bd2 Be7 10. Nxg6 hxg6 11. O-O-O dxc4 12. Bxc4 a6 13. Be2 b5 14. g3 c5 15. dxc5 Nbd7 16. Kb1 Nxc5 17. Qc2 Rc8 18. a3 Qb7 19. h4 O-O 20. h5 gxh5 21. g4 Na4 22. g5 Nd5 23. Rxh5 g6 24. Rh6 Naxc3+ 25. bxc3 Bxg5 26. Rh3 Bf6 27. Rdh1 Nxc3+ 28. Bxc3 Rxc3 29. Qd1 Rfc8 0-1


[Site "https://www.chess.com"]

[Event "Titled Tuesday Blitz July 4 Late 2023"]
[White "Papp, Levente"]
[Black "Grigoriants, Sergey"]
[WhiteFideId "751243"]
[BlackFideId "4130804"]
[WhiteElo "2686"]
[BlackElo "2858"]
[Result "1/2-1/2"]
[Round "9"]
[TimeControl "180+2"]
[Date "2023.07.04"]
[WhiteClock "0:00:14"]
[BlackClock "0:00:10"]
[Board "22"]

1. b3 d5 2. Bb2 Bf5 3. Nf3 e6 4. d3 h6 5. g3 Bh7 6. Bg2 Nf6 7. O-O Be7 8. Nbd2 O-O 9. c4 c6 10. Qc2 Nbd7 11. Rac1 Bd6 12. Rfd1 Qe7 13. Qb1 a5 14. Qa1 a4 15. Ne5 Nxe5 16. Bxe5 axb3 17. Bxd6 Qxd6 18. Nxb3 Ra3 19. e4 Qe7 20. cxd5 exd5 21. exd5 Nxd5 22. Bxd5 cxd5 23. Rd2 Rfa8 24. Qd4 Bf5 25. Qxd5 Bh3 26. Qe4 Qxe4 27. dxe4 Rxa2 28. f3 Rxd2 29. Nxd2 Ra2 30. Rd1 Be6 31. Kf1 b5 32. Ke2 b4 33. Rb1 b3 34. Kd3 1/2-1/2


[Site "https://www.chess.com"]

[Event "Titled Tuesday Blitz July 4 Late 2023"]
[White "Rustemov, Alexander"]
[Black "Skatchkov, Valery"]
[WhiteFideId "4119002"]
[BlackFideId "24195812"]
[WhiteElo "2807"]
[BlackElo "2668"]
[Result "1/2-1/2"]
[Round "9"]
[TimeControl "180+2"]
[Date "2023.07.04"]
[WhiteClock "0:00:10"]
[BlackClock "0:00:27"]
[Board "23"]

1. d4 Nf6 2. c4 e6 3. Nf3 d5 4. Nc3 c5 5. cxd5 cxd4 6. Qxd4 exd5 7. Bg5 Be7 8. e3 O-O 9. Be2 Be6 10. O-O h6 11. Bh4 Nc6 12. Qd3 Qb6 13. a3 Rfd8 14. Rfd1 Rac8 15. b4 a6 16. Rac1 Kf8 17. Na4 Qa7 18. Nc5 Bg4 19. h3 Bh5 20. Qb3 g5 21. Bg3 a5 22. Rb1 axb4 23. axb4 Bg6 24. Bd3 Bxd3 25. Nxd3 Ne4 26. Be5 Nxe5 27. Ndxe5 Nc3 28. Ng4 Nxb1 29. Qxb1 Qa4 30. Nxh6 Qc2 31. Nf5 Qxb1 32. Rxb1 Bf6 33. g4 Rc2 34. b5 Ra8 35. Kg2 Raa2 36. Rf1 Rab2 37. N3d4 Rd2 38. Nf3 Rdc2 39. N3d4 Rc4 40. Rd1 Ra4 41. Kf3 Raa2 42. Rf1 b6 43. Kg3 Be5+ 44. Kf3 Ke8 45. Kg2 Kd7 46. Kf3 f6 47. Kg2 Bd6 48. Kf3 Bb4 49. h4 gxh4 50. Nxh4 Bc5 51. Nhf5 Ke8 52. Kg3 Kf7 53. Kf3 Kg6 54. Kg3 Rd2 55. Kf3 Rdb2 56. Kg3 Bb4 57. Kf3 Bc3 58. Kg3 Rd2 59. Kf3 Ra1 60. Rxa1 Bxa1 61. Ne7+ Kf7 62. Nxd5 Bxd4 63. exd4 Rxd4 64. Nxb6 Rb4 65. Nd5 Rxb5 66. Ne3 Rb3 67. Kf4 Rb4+ 1/2-1/2


[Site "https://www.chess.com"]

[Event "Titled Tuesday Blitz July 4 Late 2023"]
[White "Stribuk, Artiom"]
[Black "ATM622"]
[WhiteFideId "13515659"]
[WhiteElo "2799"]
[BlackElo "2580"]
[Result "0-1"]
[Round "9"]
[TimeControl "180+2"]
[Date "2023.07.04"]
[WhiteClock "0:00:00"]
[BlackClock "0:01:43"]
[Board "24"]

1. d4 Nf6 2. c4 e6 3. g3 d5 4. Bg2 dxc4 5. Nf3 Bd7 6. Ne5 Bc6 7. Nxc6 Nxc6 8. O-O Qd7 9. e3 O-O-O 10. Qc2 h5 11. Qxc4 Nd5 12. Bd2 h4 13. Rc1 g5 14. Be1 f5 15. Nd2 f4 16. e4 Nb6 17. Qf1 Nxd4 18. Nb3 f3 19. Bh3 Ne2+ 20. Kh1 Nxc1 21. Rxc1 hxg3 22. fxg3 Kb8 23. Bg4 Qh7 24. Qf2 Qxe4 25. Bxf3 Qh7 26. Qg2 c6 27. Bf2 Bd6 28. Nd4 Qf7 29. Bxc6 Rc8 30. b4 Bxb4 31. Rb1 Bc5 32. Be4 Qf6 33. Nb5 Qxf2 0-1


[Site "https://www.chess.com"]

[Event "Titled Tuesday Blitz July 4 Late 2023"]
[White "Halkias, Stelios"]
[Black "Przybylski, Wojciech"]
[WhiteFideId "4201809"]
[BlackFideId "1117599"]
[WhiteElo "2792"]
[BlackElo "2583"]
[Result "1-0"]
[Round "9"]
[TimeControl "180+2"]
[Date "2023.07.04"]
[WhiteClock "0:00:29"]
[BlackClock "0:00:00"]
[Board "25"]

1. Nf3 Nf6 2. c4 e6 3. g3 b6 4. Bg2 Bb7 5. O-O Be7 6. Nc3 c5 7. d4 cxd4 8. Qxd4 Nc6 9. Qf4 O-O 10. Rd1 d6 11. b3 a6 12. Bb2 Qb8 13. Rac1 Rd8 14. a3 Rd7 15. Na4 Qd8 16. h3 e5 17. Qe3 e4 18. Nd4 d5 19. Nxc6 Bxc6 20. Nxb6 d4 21. Bxd4 Bxa3 22. Nxd7 Nxd7 23. Ra1 Bb4 24. Bxe4 Qc7 25. Bxc6 Qxc6 26. Qf3 Qc8 27. Kg2 Bf8 28. Be3 Ne5 29. Qd5 Qe8 30. c5 Nc6 31. Rac1 Rb8 32. Bf4 Rc8 33. e4 Rd8 34. Qc4 Rc8 35. Bd6 Na7 36. Qd5 Nb5 37. e5 Nxd6 38. cxd6 Rd8 39. Rc7 1-0


[Site "https://www.chess.com"]

[Event "Titled Tuesday Blitz July 4 Late 2023"]
[White "Janturin, Artur"]
[Black "Raja Rithvik R"]
[WhiteFideId "4130022"]
[BlackFideId "35007394"]
[WhiteElo "2552"]
[BlackElo "2789"]
[Result "1-0"]
[Round "9"]
[TimeControl "180+2"]
[Date "2023.07.04"]
[WhiteClock "0:00:40"]
[BlackClock "0:00:39"]
[Board "26"]

1. b3 e5 2. Bb2 Nc6 3. e3 d5 4. Bb5 Bd6 5. f4 Qe7 6. Nf3 f6 7. Nc3 Be6 8. O-O O-O-O 9. Bxc6 bxc6 10. fxe5 fxe5 11. d4 Bg4 12. Qe2 Kb7 13. Nxd5 cxd5 14. Qb5+ Kc8 15. Nxe5 Bxe5 16. Qa6+ Kb8 17. Qb5+ Kc8 18. Qa6+ Kd7 19. Qa4+ c6 20. dxe5 Qe6 21. Qxa7+ Ke8 22. Qxg7 Rd7 23. Rf8# 1-0


[Site "https://www.chess.com"]

[Event "Titled Tuesday Blitz July 4 Late 2023"]
[White "Tristan, Leonardo"]
[Black "Golubev, Mikhail"]
[WhiteFideId "113816"]
[BlackFideId "14100983"]
[WhiteElo "2776"]
[BlackElo "2577"]
[Result "0-1"]
[Round "9"]
[TimeControl "180+2"]
[Date "2023.07.04"]
[WhiteClock "0:00:07"]
[BlackClock "0:00:07"]
[Board "27"]

1. d4 Nf6 2. Nf3 d6 3. Bf4 Nbd7 4. h3 g6 5. e3 Bg7 6. Be2 O-O 7. O-O b6 8. a4 a5 9. Bh2 Bb7 10. Nbd2 Ne4 11. Nxe4 Bxe4 12. Nd2 Bb7 13. Bf3 Bxf3 14. Qxf3 e6 15. c3 Qe7 16. Qc6 Nf6 17. e4 Qd7 18. Qc4 c6 19. e5 dxe5 20. Bxe5 Nd5 21. Nf3 f6 22. Bg3 b5 23. Qe2 Ra7 24. Rfe1 Kf7 25. Nd2 f5 26. Be5 Bxe5 27. Qxe5 Re8 28. Nf3 Kg8 29. h4 Qc7 30. Qe2 Nf4 31. Qd2 bxa4 32. Rxa4 Rb7 33. Re5 Nd5 34. c4 Nf6 35. Rexa5 Ne4 36. Qc2 Reb8 37. Ra2 Rxb2 38. Rxb2 Rxb2 39. Qxb2 Qxa5 40. Qb8+ Kg7 41. Qb7+ Kh6 42. Qxc6 Qa1+ 43. Kh2 Nxf2 44. Qxe6 Ng4+ 45. Kg3 Qf1 46. Qe1 Qxc4 47. Qd2+ Kg7 48. d5 Nf6 49. Qa5 Qxd5 50. Qa8 Qd6+ 51. Kf2 Ng4+ 52. Ke2 Qe7+ 53. Kd2 Qe3+ 54. Kc2 Kh6 55. Qf8+ Kh5 56. Qf7 h6 57. Qc7 Qf2+ 58. Kb3 Qxg2 59. Qc6 Qg3 60. Ka4 Qf4+ 61. Ka5 Qe4 62. Qc3 Qe3 63. Qc6 Qa3+ 64. Kb5 Qb3+ 65. Ka5 Qa3+ 66. Kb5 Qe3 67. Qb7 Qe2+ 68. Ka4 Qe4+ 69. Ka3 Qxb7 70. Ne5 Qa7+ 71. Kb3 Qb8+ 72. Kc4 Qxe5 73. Kd3 Qg3+ 74. Ke2 Qxh4 75. Kf1 Qg5 76. Kg2 Ne3+ 77. Kh1 f4 78. Kh2 f3 79. Kh3 f2 80. Kh2 f1=R 81. Kh3 Rh1# 0-1


[Site "https://www.chess.com"]

[Event "Titled Tuesday Blitz July 4 Late 2023"]
[White "Philippe, Guillaume"]
[Black "Morefield, Jason"]
[WhiteFideId "36048763"]
[BlackFideId "30920825"]
[WhiteElo "2488"]
[BlackElo "2766"]
[Result "0-1"]
[Round "9"]
[TimeControl "180+2"]
[Date "2023.07.04"]
[WhiteClock "0:00:09"]
[BlackClock "0:00:07"]
[Board "28"]

1. e4 d6 2. d4 Nf6 3. Nc3 g6 4. Be3 c6 5. f3 Nbd7 6. Qd2 b5 7. a3 Bb7 8. Bd3 Qc7 9. Nge2 a6 10. Ng3 h5 11. O-O h4 12. Nh1 c5 13. d5 Ne5 14. h3 Bg7 15. f4 Ned7 16. Nf2 Nh5 17. Rfe1 O-O 18. Be2 Ng3 19. Bf3 Nb6 20. b3 b4 21. axb4 cxb4 22. Na4 Nxa4 23. Rxa4 Bc3 24. Qc1 Bxe1 25. Qxe1 Qxc2 26. Rxb4 Bc8 27. f5 a5 28. Bd1 Qb1 29. Rc4 Ba6 30. Rc1 Qb2 31. Ng4 Rfc8 32. Rxc8+ Rxc8 33. fxg6 fxg6 34. Bg5 Rf8 35. Nh2 Qd4+ 36. Be3 Qxe4 37. Bf3 Rxf3 38. Nxf3 Nf5 39. Bf2 Qxd5 40. Nxh4 Nxh4 41. Bxh4 Bb7 42. Qg3 Kf7 43. Qf4+ Ke8 44. Qg3 Qe4 45. Kh2 Kd7 46. Qg5 Bd5 47. Be1 Qxe1 48. Qg4+ Be6 49. Qa4+ Kd8 50. Qb5 Qb4 51. Qg5 Qxb3 52. Qxg6 Qd5 53. Qh6 Qe5+ 54. Kg1 a4 55. Qf8+ Kd7 56. Qa8 Qc5+ 57. Kh2 a3 58. Qb7+ Ke8 59. Qa8+ Bc8 60. Qf3 Be6 61. Qa8+ Kf7 62. Qf3+ Kg6 63. Qe4+ Qf5 64. Qa4 Qe5+ 65. Kh1 a2 66. Qc2+ Kg7 67. Qd2 a1=Q+ 0-1


[Site "https://www.chess.com"]

[Event "Titled Tuesday Blitz July 4 Late 2023"]
[White "Taboas Rodriguez, Daniel"]
[Black "Oro, Faustino"]
[WhiteFideId "2208466"]
[BlackFideId "20000197"]
[WhiteElo "2498"]
[BlackElo "2805"]
[Result "0-1"]
[Round "9"]
[TimeControl "180+2"]
[Date "2023.07.04"]
[WhiteClock "0:00:00"]
[BlackClock "0:00:02"]
[Board "29"]

1. d4 Nf6 2. Nf3 e6 3. c4 d5 4. Nc3 Bb4 5. e3 O-O 6. Bd3 b6 7. O-O Bb7 8. Bd2 Re8 9. Rc1 Bf8 10. a3 c5 11. dxc5 bxc5 12. Qb3 Qc8 13. Rfd1 Nbd7 14. cxd5 exd5 15. Bf5 Bc6 16. Qc2 Bd6 17. Ne2 Qb7 18. b4 Ne4 19. bxc5 Ndxc5 20. Ned4 Ba4 21. Qa2 Bxd1 22. Rxd1 Red8 23. Rb1 Qc7 24. Rc1 Qb6 25. Bb4 a5 26. Bxc5 Nxc5 27. Rb1 Qa6 28. Nb5 Rab8 29. Nfd4 Be5 30. Rc1 Bxd4 31. Nxd4 Qb6 32. Qc2 Nb3 33. Bxh7+ Kh8 34. Nxb3 Qxb3 35. Qf5 Rb6 36. Qg5 Re8 37. Bf5 Kg8 38. Bd7 Rf8 39. h4 Qxa3 40. Rd1 Qd6 41. Bf5 g6 42. Bd3 Qf6 43. Qg4 Rb4 44. f4 Qc3 45. h5 Qc5 46. hxg6 Qxe3+ 47. Kh2 Qxf4+ 48. Qxf4 Rxf4 49. Ra1 a4 50. Bb5 fxg6 51. Bxa4 Ra8 0-1


[Site "https://www.chess.com"]